 Dungeon Crawl Stone Soup version 0.22.1-1-ga44c0e5 (webtiles) character file.

13916 thomasnlv21 the Fighter (level 11, -9/102 HPs)
             Began as a Minotaur Berserker on Nov 11, 2018.
             Was a High Priest of Trog.
             Mangled by an ice beast (21 damage)
             ... on level 11 of the Dungeon.
             The game lasted 00:43:08 (11424 turns).

thomasnlv21 the Fighter (Minotaur Berserker)       Turns: 11424, Time: 00:43:10

Health: -9/102     AC: 17    Str: 25    XL:     11   Next: 81%
Magic:  10/10      EV: 11    Int:  4    God:    Trog [*****.]
Gold:   362        SH:  6    Dex: 10    Spells: 10/10 levels left

rFire    + . .     SeeInvis .   j - +2 hand axe (flame)
rCold    x . .     Gourm    +   i - +0 buckler
rNeg     . . .     Faith    .   D - +0 plate armour
rPois    .         Spirit   .   (helmet restricted)
rElec    .         Reflect  .   (no cloak)
rCorr    .         Harm     .   w - +0 pair of gloves
MR       .....                  (no boots)
Stlth    ..........             p - amulet of the gourmand
HPRegen  0.27/turn              e - ring of fire
MPRegen  0.12/turn              l - ring of flight

@: berserk cooldown, slowed, very slow
A: retaliatory headbutt, horns 2, shaggy fur 1, wild magic 1
a: Berserk, Trog's Hand, Brothers in Arms, Renounce Religion, Evoke Flight


You were on level 11 of the Dungeon.
You worshipped Trog.
Trog was extremely pleased with you.
You were very full.

You visited 2 branches of the dungeon, and saw 12 of its levels.

You collected 518 gold pieces.
You spent 156 gold pieces at shops.

Inventory:

Hand Weapons
 j - a +2 hand axe of flaming (weapon)
 A - a +2 hunting sling of freezing
 C - a +0 battleaxe
 G - a +3 vampiric broad axe
 H - a +2 spear of piercing
 J - a +3 antimagic war axe
Missiles
 s - 8 javelins of returning (quivered)
Armour
 i - a +0 buckler (worn)
 w - a +0 pair of gloves (worn)
 x - a +0 shield
 D - a +0 plate armour (worn)
 I - a +0 plate armour
Jewellery
 e - a ring of fire (left hand)
 l - a ring of flight (right hand)
 p - an amulet of the gourmand (around neck)
 v - a +3 ring of intelligence
 y - a +4 ring of intelligence
 F - an uncursed ring of fire
Wands
 g - a wand of acid (22)
 m - a wand of disintegration (15)
 r - a wand of enslavement (8)
 B - a wand of digging (15)
Scrolls
 b - 3 scrolls of enchant armour
 d - a scroll of enchant weapon
 f - 2 scrolls of fog
 h - 6 scrolls of teleportation
 o - 6 scrolls of identify
 q - 3 scrolls of remove curse
 u - a scroll of magic mapping
 E - a scroll of fear
Potions
 a - a potion of lignification
 k - a potion of haste
 n - a potion of brilliance
 t - 2 potions of curing
 z - 2 potions of might
Comestibles
 c - 27 rations
 K - a chunk of flesh


   Skills:
 + Level 11.0 Fighting
 + Level 10.9 Axes
 + Level 10.6 Armour
 + Level 9.6 Dodging
 + Level 10.0 Shields


You had 10 spell levels left.
You didn't know any spells.
Your spell library was empty.

Dungeon Overview and Level Annotations

Branches:
Dungeon (11/15)            Temple (1/1) D:7             Orc (0/2) D:9
   Lair: D:8-11

Altars:
Ashenzari
Cheibriados
Dithmenos
Elyvilon
Fedhas
Gozag
Hepliaklqana
Kikubaaqudgha
Makhleb
Nemelex Xobeh
Okawaru
Qazlal
Ru
Sif Muna
Trog
Uskayaw
Vehumet
Wu Jian
Xom
Yredelemnul
Zin
The Shining One

Shops:
D:7 (

Annotations:
D:6 2 transporters, slayr's ghost, novice MfIE


Innate Abilities, Weirdness & Mutations

You reflexively headbutt those who attack you in melee.
You have a pair of horns on your head.
You are covered in fur. (AC +1)
Your spells are a little harder to cast, but a little more powerful.


Message History

You hit the big kobold. You burn the big kobold.
You kill the big kobold!
Trog accepts your kill.
You closely miss the ice beast. You headbutt the ice beast!
The ice beast is moderately wounded.
The ice beast hits you but does no damage.
You hit the ice beast.
You melt the ice beast.
The ice beast is heavily wounded.
The ice beast hits you but does no damage.
You hit the ice beast.
You melt the ice beast.
You headbutt the ice beast, but do no damage.
The ice beast is severely wounded.
The ice beast completely misses you.
Your plate armour prevents you from hitting the ice beast.
Your headbutt misses the ice beast.
The ice beast is severely wounded.
The ice beast hits you.
* * * LOW HITPOINT WARNING * * *
The ice beast freezes you!!
You feel a terrible chill!
You die...

$ # # ?#..('....... #.#.
.#.##...#....... #..###
###..#######....... #..#Y
.#..##.............
#..K###...##.........##...
..#######.†#))# #..........##...
........##.†.## #...####...##...
.........#'''####...............
............(.Y@(...............
################################


You could see an ice beast.

Vanquished Creatures
  Harold (D:9)
  2 hydras
  A two-headed ogre (D:9)
  3 ugly things (D:11)
  A cyclops (D:11)
  5 centaur zombies
  Joseph (D:7)
  A gargoyle (D:10)
  A hornet (D:10)
  Prince Ribbit (D:8)
  2 dream sheep (D:8)
  3 hippogriffs
  A shadow (D:10)
  6 yaks
  Sigmund (D:3)
  Menkaure (D:7)
  A swamp drake (D:9)
  4 ice beasts
  2 black bears (D:8)
  2 phantoms
  4 orc warriors
  3 sky beasts
  7 ogres
  2 necrophages
  9 centaurs
  A crocodile (D:10)
  4 big kobolds
  4 bullfrogs
  3 scorpions
  14 killer bees
  A howler monkey (D:4)
  4 bullfrog zombies
  A jelly (D:8)
  6 crimson imps
  8 hounds
  3 orc priests
  A bullfrog skeleton (D:11)
  A centaur skeleton (D:8)
  9 orc wizards
  2 iguanas
  15 worker ants
  A hound zombie (D:5)
  A hound skeleton (D:9)
  Robin (D:4)
  A worker ant zombie (D:5)
  6 gnolls
  7 adders
  4 shadow imps
  An ooze (D:2)
  3 adder skeletons
  An adder zombie (D:6)
  4 worms
  9 leopard geckos
  39 orcs
  A ball python (D:3)
  6 bats
  3 giant cockroaches
  23 goblins
  13 hobgoblins
  11 jackals
  4 kobolds
  3 quokkas
  4 frilled lizards
  A jackal zombie (D:5)
  A quokka skeleton (D:5)
  3 rats
293 creatures vanquished.

Notes
Turn   | Place    | Note
-------+----------+-------------------------------------------
     0 | D:1      | thomasnlv21 the Minotaur Berserker began the quest for the
                  | Orb.
     0 | D:1      | Reached XP level 1. HP: 19/19 MP: 0/0
   335 | D:1      | Reached skill level 4 in Fighting
   335 | D:1      | Reached XP level 2. HP: 27/27 MP: 1/1
   662 | D:2      | Reached ** piety under Trog
   827 | D:2      | Reached XP level 3. HP: 32/34 MP: 2/2
  1052 | D:2      | Reached skill level 1 in Shields
  1054 | D:2      | Reached XP level 4. HP: 41/41 MP: 3/3
  1563 | D:3      | Noticed Sigmund
  1577 | D:3      | Killed Sigmund
  1577 | D:3      | Reached skill level 5 in Fighting
  1577 | D:3      | Reached skill level 5 in Axes
  1577 | D:3      | Reached XP level 5. HP: 31/48 MP: 4/4
  1592 | D:3      | Reached XP level 6. HP: 39/56 MP: 5/5
  1743 | D:3      | Reached *** piety under Trog
  1916 | D:3      | Found a glowing golden altar of the Shining One.
  2163 | D:3      | Found a deep blue altar of Sif Muna.
  2281 | D:3      | Found a stormy altar of Qazlal.
  2799 | D:4      | Found a bloodstained altar of Trog.
  3024 | D:4      | Reached XP level 7. HP: 61/61 MP: 6/6
  3126 | D:4      | Noticed Robin
  3131 | D:4      | Received a gift from Trog
  3139 | D:4      | Killed Robin
  3668 | D:5      | Entered Level 5 of the Dungeon
  3714 | D:5      | Reached skill level 6 in Fighting
  3728 | D:5      | Reached skill level 5 in Armour
  3945 | D:5      | Found a bloodstained altar of Trog.
  4029 | D:5      | Reached XP level 8. HP: 71/71 MP: 7/7
  4095 | D:5      | Reached **** piety under Trog
  4095 | D:5      | Reached skill level 5 in Dodging
  4407 | D:5      | Reached skill level 5 in Shields
  4806 | D:5      | Reached skill level 7 in Fighting
  5127 | D:5      | Found a burning altar of Makhleb.
  5301 | D:6      | Noticed slayr's ghost (novice MfIE)
  5313 | D:6      | Found a transporter.
  5379 | D:6      | Found a sparkling altar of Nemelex Xobeh.
  5411 | D:6      | Found a transporter.
  5745 | D:6      | Found a blossoming altar of Fedhas.
  6072 | D:6      | Reached XP level 9. HP: 79/79 MP: 8/8
  6148 | D:7      | Found a white marble altar of Elyvilon.
  6218 | D:7      | Found Bocverchupn's Antique Weapon Boutique.
  6306 | D:7      | Noticed Menkaure
  6313 | D:7      | Killed Menkaure
  6556 | D:7      | Bought a runed war axe for 156 gold pieces
  6601 | D:7      | Reached ***** piety under Trog
  6602 | D:7      | Noticed Joseph
  6607 | D:7      | Reached skill level 8 in Fighting
  6614 | D:7      | Killed Joseph
  6711 | D:7      | Found a staircase to the Ecumenical Temple.
  6784 | Temple   | Entered the Ecumenical Temple
  6955 | D:7      | Reached XP level 10. HP: 89/90 MP: 9/9
  7106 | D:8      | Noticed Prince Ribbit
  7115 | D:8      | Killed Prince Ribbit
  7123 | D:8      | Reached skill level 9 in Fighting
  7626 | D:8      | Noticed a three-headed hydra
  7637 | D:8      | Killed a one-headed hydra
  8399 | D:9      | Received a gift from Trog
  8791 | D:9      | Found a basalt altar of Yredelemnul.
  8791 | D:9      | Found a sacrificial altar of Ru.
  8792 | D:9      | Found a hazy altar of Hepliaklqana.
  8993 | D:9      | Noticed Harold
  9009 | D:9      | Killed Harold
  9009 | D:9      | Reached skill level 10 in Fighting
  9009 | D:9      | Reached XP level 11. HP: 99/99 MP: 10/10
  9142 | D:9      | Reached skill level 10 in Axes
  9351 | D:9      | Gained mutation: Your spells are a little harder to cast,
                  | but a little more powerful. [potion of mutation]
  9351 | D:9      | Gained mutation: You are covered in fur. (AC +1) [potion of
                  | mutation]
  9389 | D:9      | Noticed a two-headed ogre
  9395 | D:9      | Killed a two-headed ogre
  9833 | D:9      | Found a staircase to the Orcish Mines.
 10028 | D:9      | Found an iron altar of Okawaru.
 10330 | D:10     | Entered Level 10 of the Dungeon
 10485 | D:10     | Received a gift from Trog
 10488 | D:10     | Reached skill level 10 in Armour
 11357 | D:11     | Noticed a seven-headed hydra
 11366 | D:11     | Killed a three-headed hydra
 11368 | D:11     | Noticed a brown ugly thing
 11370 | D:11     | Noticed a purple ugly thing
 11379 | D:11     | Noticed a white ugly thing
 11383 | D:11     | Killed a purple ugly thing
 11387 | D:11     | Killed a purple ugly thing
 11388 | D:11     | Reached skill level 10 in Shields
 11394 | D:11     | Killed a white ugly thing
 11394 | D:11     | Reached skill level 11 in Fighting
 11418 | D:11     | HP: 2/102 [big kobold/quarterstaff (6)]
 11424 | D:11     | Mangled by an ice beast

Skill      XL: |  1  2  3  4  5  6  7  8  9 10 11 |
---------------+----------------------------------+-----
Fighting       | 4 5 6 7 8 10 11 | 11.0
Axes           | 4 5 6 7 8 9 10 | 10.9
Armour         | 3 4 5 6 8 9 10 | 10.6
Shields        | 1 2 3 4 5 7 8 10 | 10.0
Dodging        | 3 4 6 7 8 9 |  9.6

Action                   |  1- 3 |  4- 6 |  7- 9 | 10-12 || total
-------------------------+-------+-------+-------+-------++-------
Melee: Hand axe          |    44 |   118 |   293 |    65 ||   520
       Headbutt          |     9 |    25 |    65 |    56 ||   155
       War axe           |       |       |    38 |    86 ||   124
       Broad axe         |       |       |       |   121 ||   121
Invok: Berserk           |     2 |     2 |     2 |     7 ||    13
  Use: Scroll            |     5 |     1 |     5 |     3 ||    14
       Potion            |     2 |     1 |     3 |     5 ||    11
  Eat: Chunk             |     1 |     7 |    21 |    34 ||    63
       Ration            |       |       |     1 |       ||     1
Armor: Animal skin       |     5 |       |       |       ||     5
       Plate armour      |    28 |    58 |   200 |   200 ||   486
Dodge: Dodged            |    24 |    37 |   139 |   171 ||   371
Block: Buckler           |     4 |    19 |    66 |    97 ||   186
